AoeStats
← D.E.

Nomad

510186917Analyzed
4v4 RM · 3d ago on Sep 29, 2026· 55m 45s· 8 players
Game mode
Random Map
Map size
231×231
Population
200
Speed
Normal
Resources
Standard
Victory
Conquest
Starting age
Dark Age
Ending age
Imperial Age
RankedLock teamsTeams togetherTeam positionsShared explorationLock speedFull tech treeHidden civsTurbo modeCheats
Victory
Defeat
🇪🇸 Huns · Spain
724
+9
🇺🇸 Varangians · United States
676
+11
🇬🇧 Varangians · United Kingdom
675
+11
🇩🇴 Goths · Dominican Republic
651
+13
🇹🇷 Persians · Türkiye
765
-18
🇩🇪 Dravidians · Germany
530
-10
🇹🇷 Turks · Türkiye
481
-8
🇨🇴 Ethiopians · Colombia
473
-8
jsx_001
9:30 Loom
18:20 Feudal Age
19:33 Double-Bit Axe
21:54 Man-at-Arms
22:57 Arson
30:13 Castle Age
28:20 Scale Mail Armor
28:19 Horse Collar
30:25 Forging
30:57 Squires
31:21 Gambesons
32:00 Chain Mail Armor
32:04 Gold Mining
33:19 Bow Saw
34:11 Town Watch
36:48 Long Swordsman
38:35 Wheelbarrow
43:08 Elite Skirmisher
43:43 Fletching
43:54 Padded Archer Armor
45:49 Bodkin Arrow
46:10 Leather Archer Armor
47:01 Ballistics
51:39 Imperial Age
51:50 Elite Varangian Guard
cabama
18:48 Feudal Age
19:50 Fishing Lines
24:44 Castle Age
25:37 Stone Mining
25:41 Gold Mining
25:45 Gillnets
36:34 Double-Bit Axe
38:09 Bow Saw
38:42 Wheelbarrow
40:34 Gold Shaft Mining
41:27 Marauders
44:58 Imperial Age
48:13 Two-Man Saw
47:33 Hand Cart
48:37 Scale Barding Armor
48:43 Forging
49:00 Elite Tarkan
50:55 Chain Barding Armor
51:11 Iron Casting
52:17 Ballistics
52:57 Chemistry
52:01 Padded Archer Armor
51:52 Fletching
53:39 Heavy Cavalry Archer
54:44 Parthian Tactics
54:26 Thumb Ring
54:44 Leather Archer Armor
54:25 Bodkin Arrow
55:05 Plate Barding Armor
55:35 Blast Furnace
54:02 Cavalier
54:42 Husbandry
55:28 Paladin
victordelarosac
13:56 Loom
17:34 Feudal Age
19:06 Man-at-Arms
23:31 Castle Age
22:50 Bloodlines
23:33 Double-Bit Axe
24:28 Forging
24:14 Long Swordsman
24:14 Pikeman
25:09 Fishing Lines
26:15 Husbandry
28:02 Caravan
28:41 Horse Collar
28:27 Pikeman
34:02 Light Cavalry
44:18 Imperial Age
42:49 Fletching
43:04 Scale Barding Armor
43:00 Scale Mail Armor
43:13 Murder Holes
43:28 Fortified Wall
43:00 Treadmill Crane
44:44 Chain Barding Armor
47:32 Cavalier
55:20 Elite Varangian Guard
LordJavier
3:54 Loom
16:00 Feudal Age
20:55 Wheelbarrow
23:03 Town Watch
24:27 Horse Collar
28:26 Castle Age
27:23 Gold Mining
27:24 Stone Mining
27:20 Man-at-Arms
27:57 Fishing Lines
28:56 Double-Bit Axe
29:37 Forging
29:18 Fletching
29:30 Scale Mail Armor
32:02 Squires
31:23 Pikeman
36:41 Anarchy
39:10 Murder Holes
46:16 Iron Casting
56:35 Sanctity
D.E.
25:13 Feudal Age
27:03 Wheelbarrow
27:36 Fishing Lines
35:35 Horse Collar
35:53 Double-Bit Axe
38:48 Castle Age
39:52 Heavy Plow
44:25 Hand Cart
45:06 Bow Saw
48:04 Scale Barding Armor
48:10 Forging
STCLP
3:37 Loom
11:57 Feudal Age
13:10 Wheelbarrow
19:26 Double-Bit Axe
20:22 Horse Collar
25:14 Castle Age
23:24 Stone Mining
23:55 Gold Mining
27:16 Hand Cart
27:21 Bow Saw
27:12 Heavy Plow
31:03 Town Watch
32:46 Crossbowman
34:16 Elite Skirmisher
34:59 Kamandaran
37:46 Fletching
37:56 Padded Archer Armor
40:07 Bloodlines
39:58 Husbandry
45:20 Imperial Age
43:17 Thumb Ring
43:32 Light Cavalry
45:18 Forging
45:14 Scale Barding Armor
45:24 Leather Archer Armor
45:05 Bodkin Arrow
45:39 Pikeman
46:20 Squires
47:37 Conscription
48:54 Two-Man Saw
47:39 Halberdier
49:06 Iron Casting
48:51 Chain Barding Armor
49:02 Ring Archer Armor
50:55 Capped Ram
55:20 Crop Rotation
54:34 Elite War Elephant
efrzm.29
20:22 Feudal Age
20:45 Horse Collar
20:54 Double-Bit Axe
26:59 Gold Mining
31:27 Stone Mining
32:31 Wheelbarrow
34:38 Padded Archer Armor
34:29 Fletching
39:14 Castle Age
39:08 Scale Barding Armor
39:03 Scale Mail Armor
45:38 Castle Age
Macrazy8238
14:43 Feudal Age
18:35 Double-Bit Axe
Connection lost

Rejoining the realm…

Still unreachable

The connection could not be restored.

Session expired

The server has moved on; the page needs a fresh start.